 Dungeon Crawl Stone Soup version 0.28.0-53-g5a82cb258f (webtiles) character file.

Game seed: 16549353809137736055

175 Duralumin the Chopper (level 5, -1/41 HPs)
             Began as a Formicid Fighter on Aug 21, 2022.
             Succumbed to a scorpion's poison
             ... on level 4 of the Dungeon.
             The game lasted 00:04:46 (3259 turns).

Duralumin the Chopper (Formicid Fighter)            Turns: 3259, Time: 00:04:47

Health: -1/41      AC:  8    Str: 23    XL:     5   Next: 85%
Magic:  5/5        EV:  9    Int:  7    God:
Gold:   128        SH:  4    Dex: 10    Spells: 4/4 levels left

rFire   . . .      SeeInvis +   a - +0 war axe
rCold   . . .      Faith    .   c - +0 buckler
rNeg    + . .      Spirit   .   b - +0 scale mail
rPois   .          Reflect  .   (helmet unavailable)
rElec   .          Harm     .   (no cloak)
rCorr   .          Rampage  .   (no gloves)
Will    .....                   s - +0 pair of boots
Stlth   ..........              (no amulet)
HPRegen 0.13/turn               q - ring of positive energy
MPRegen 0.09/turn               (no ring)

@: lethally poisoned (-1 -> -16)
A: permanent stasis, dig shafts and tunnels, antennae 3, four strong arms
a: Dig, Shaft Self


You were on level 4 of the Dungeon.
You visited 1 branch of the dungeon, and saw 5 of its levels.

You collected 128 gold pieces.

Inventory:

Hand Weapons
 a - a +0 war axe (weapon)
Missiles
 n - 2 boomerangs
 u - 2 javelins
Armour
 b - a +0 scale mail (worn)
 c - a +0 buckler (worn)
 s - a +0 pair of boots (worn)
Jewellery
 q - a ring of positive energy (left hand)
Wands
 r - a wand of flame (13)
Scrolls
 i - 3 scrolls of identify {unknown}
 j - a scroll of noise {unknown}
 l - a scroll of teleportation {unknown}
 m - 2 scrolls of silence {unknown}
 o - a scroll of magic mapping {unknown}
 p - a scroll of amnesia {unknown}
 t - a scroll of enchant weapon {unknown}
Potions
 d - a potion of might
 e - 3 potions of flight {unknown}
 f - a potion of mutation {unknown}
 g - a potion of degeneration {unknown}
 h - a potion of resistance {unknown}
 k - a potion of curing {unknown}


   Skills:
 - Level 3.2 Fighting
 + Level 5.6 Axes
 - Level 3.2 Armour
 - Level 3.6 Shields


You had 4 spell levels left.
You didn't know any spells.
Your spell library contained the following spells:

 Spells                   Type           Power      Damage    Failure   Level
 Sandblast                Erth           0%         2d4       82%         1
 Passwall                 Tmut/Erth      0%         N/A       91%         2
 Gell's Gravitas          Tloc           0%         N/A       99%         3
 Stone Arrow              Conj/Erth      0%         3d7       99%         3
 Teleport Other           Tloc           0%         N/A       99%         3
 Manifold Assault         Tloc           0%         N/A       100%        5
 Dispersal                Tloc           0%         N/A       100%        6
 Storm Form               Tmut/Air       0%         N/A       100%        7
 Blink                    Tloc           Unusable   N/A       N/A         2

Dungeon Overview and Level Annotations

Branches:
Dungeon (5/15)
 Temple: D:4-7

Altars:

Shops:
D:2 =


Innate Abilities, Weirdness & Mutations

You cannot be hasted, slowed, berserked, paralysed or teleported.
You can dig through walls and to a lower floor.
You have a pair of large antennae on your head. (SInv)
Your four strong arms can wield two-handed weapons with a shield.


Message History

You hit the iguana.
The iguana is moderately wounded.
You block the iguana's attack.
You hit the iguana but do no damage.
The iguana is moderately wounded.
The iguana bites you.
You slash the iguana!
The iguana is almost dead.
The iguana bites you.
The iguana bites you but does no damage.
You closely miss the iguana.
The iguana is almost dead.
You hit the ogre.
The ogre hits you with a +0 giant club!!
Ouch! That really hurt!
You block the iguana's attack.
You see here 13 arrows.
You hit the iguana but do no damage.
The iguana is almost dead.
You barely miss the ogre. You block the ogre's attack.
The iguana barely misses you.
There is a stone staircase leading up here.
The iguana bites you!
* * * LOW HITPOINT WARNING * * *
You climb upwards.
There is a stone staircase leading down here.
You slash the iguana!
You kill the iguana!
You see here a +0 short sword.
You see here a +0 chain mail.
There is a stone staircase leading down here.
You climb downwards.
The scorpion closely misses you.
Found 6 curare-tipped darts.
Found a stone staircase leading down.
There is a stone staircase leading up here.
The scorpion stings you.
* * * LOW HITPOINT WARNING * * *
You are lethally poisoned!
The scorpion poisons you!
You climb upwards.
You die...

# ###.### #.# #.. #
#.# #.# #.. # #.#
#.# #.. ### #.#
##.#######.. ..# #.#
#........... #.# #<#
#..#######.# #.# #.#
#..# #.# #.# ### #.#
#..#######.# #.#
##.#########@#
#..........#
#.###.#...[.....s###
#..#########
.)...###...........#
#..#
..###.#..#########.#
#.## ..####.#.# #.#
#.###### ...# ###.#
#.# #.##...#####
.).# #.# #†#
#.##........ ...#
#.# #.# #.##...#####
.#.# #.## #.#
#.###)##


You could see a scorpion.

Vanquished Creatures
  An orc priest (D:3)
  An iguana (D:4)
  3 adders
  2 adder skeletons (D:4)
  A worm (D:4)
  4 dart slugs (D:1)
  11 orcs
  5 bats
  2 endoplasms (D:1)
  7 goblins
  5 hobgoblins
  5 jackals (D:2)
  6 kobolds
  3 quokkas
  2 ball pythons
  3 frilled lizards
  6 rats
67 creatures vanquished.

Notes
Turn   | Place    | Note
-------+----------+-------------------------------------------
     0 | D:1      | Duralumin the Formicid Fighter began the quest for the Orb.
     0 | D:1      | Reached XP level 1. HP: 18/18 MP: 1/1
   318 | D:1      | Reached XP level 2. HP: 24/24 MP: 2/2
   473 | D:1      | Reached skill level 3 in Axes
   667 | D:1      | Reached XP level 3. HP: 29/29 MP: 3/3
  1036 | D:2      | Found Remarr's Jewellery Shoppe.
  1149 | D:2      | Reached skill level 4 in Axes
  1149 | D:2      | Reached XP level 4. HP: 34/35 MP: 4/4
  1188 | D:2      | Found a faded altar of an unknown god.
  1586 | D:3      | Reached XP level 5. HP: 22/41 MP: 5/5
  1961 | D:3      | Reached skill level 5 in Axes
  3164 | D:5      | Entered Level 5 of the Dungeon
  3195 | D:5      | Noticed an ogre
  3259 | D:4      | Succumbed to a scorpion's poison

Illustrated notes

Levels and vault maps discovered:
D:1:      matt_arrival_spirals, layout_loops_ring
D:2:      layout_rooms, serial_shops, shop, ebering_ecumenical_altar_mist
D:3:      layout_rooms
D:4:      layout_loops_ring
D:5:      layout_cave_pods, minmay_misc_feat_alley

Skill      XL: |  1  2  3  4  5 |
---------------+----------------+-----
Axes           | 3 4 5 |  5.6
Fighting       | |  3.2
Armour         | |  3.2
Shields        | |  3.6

Action                   |  1- 3 |  4- 6 || total
-------------------------+-------+-------++-------
Melee: War axe           |    73 |   108 ||   181
Armor: Scale mail        |    27 |    36 ||    63
Dodge: Dodged            |    27 |    40 ||    67
Block: Buckler           |    16 |    26 ||    42
